 Dungeon Crawl Stone Soup version 0.31-a0-1620-gcbf77bbcfc (webtiles) character file.

Game seed: 2762957143221630961

53 Flugslaktarn the Trooper (level 3, -4/34 HPs)
             Began as a Minotaur Fighter on Jan 11, 2024.
             Slain by an ogre
             ... wielding a +0 giant spiked club
              (25 damage)
             ... on level 2 of the Dungeon.
             The game lasted 00:00:35 (1083 turns).

Flugslaktarn the Trooper (Minotaur Fighter)         Turns: 1083, Time: 00:00:36

Health: -4/34      AC:  7    Str: 22    XL:     3   Next: 64%
Magic:  2/2        EV:  9    Int:  5    God:
Gold:   94         SH:  4    Dex:  9    Spells: 2/2 levels left

rFire   . . .        a - +0 war axe
rCold   . . .        c - +0 buckler
rNeg    . . .        b - +0 scale mail
rPois   .            (helmet restricted)
rElec   .            (no cloak)
rCorr   .            (no gloves)
SInv    .            (no boots)
Will    .....        (no amulet) Stlth
                     (no ring)
HPRegen 0.25/turn    (no ring)
MPRegen 0.08/turn

%: no passive effects
@: mighty
A: horns 2, retaliatory headbutt
a: no special abilities


You were on level 2 of the Dungeon.
You visited 1 branch of the dungeon, and saw 2 of its levels.

You collected 94 gold pieces.

Inventory:

Hand Weapons
 a - a +0 war axe (weapon)
Armour
 b - a +0 scale mail (worn)
 c - a +0 buckler (worn)
Jewellery
 f - a ring of ice
   (You found it on level 1 of the Dungeon)
Scrolls
 e - a scroll of vulnerability {unknown}
 g - 2 scrolls of fog {unknown}
 j - a scroll of teleportation {unknown}
 k - a scroll of identify {unknown}
Potions
 h - a potion of degeneration {unknown}
 i - a potion of magic {unknown}
 l - a potion of ambrosia {unknown}


   Skills:
 * Level 4.4 Fighting
 * Level 3.5 Axes
 + Level 4.0 Armour
 + Level 3.9 Shields


You had 2 spell levels left.
You didn't know any spells.
Your spell library was empty.

Dungeon Overview and Level Annotations

Branches:
Dungeon (2/15)

Altars:


Innate Abilities, Weirdness & Mutations

You have a pair of horns on your head.
You reflexively headbutt those who attack you in melee.


Message History

You slash the adder!
You kill the adder!
Your Armour skill increases to level 4!
No target in view!
HP restored.
You now have 82 gold pieces (gained 8).
You open the door.
Found an escape hatch in the floor.
There is an open door here.
A kobold comes into view.
It is wielding a +2 short sword of venom.
Found a scroll labelled WOSKAJ ETYMON.
The kobold shouts!
The kobold moves out of view.
A kobold is nearby!
You barely miss the kobold. The kobold barely misses you. x2
You closely miss the kobold. The kobold closely misses you.
You slash the kobold!
You kill the kobold!
No target in view!
No target in view!
No target in view!
Things that are here:
a +2 short sword of venom; 4 stones No target in view!
j - a scroll labelled WOSKAJ ETYMON
Things that are here:
a +2 short sword of venom; 4 stones
There is an escape hatch in the floor here.
k - a scroll labelled XUYRED OTYJETO No target in view!
No target in view!
No target in view!
Found a stone staircase leading up.
There is a stone staircase leading up here.
A goblin comes into view. It is wielding a +0 club.
The goblin shouts!
A goblin is nearby!
You hit the goblin.
The goblin is moderately wounded.
The goblin closely misses you. The goblin barely misses you.
You furiously retaliate!
You headbutt the goblin!
You kill the goblin!
No target in view!
No target in view!
No target in view!
No target in view!
Found a stone staircase leading down.
You open the door.
A quokka comes into view.
Found 12 gold pieces.
A quokka is nearby!
The quokka bites you.
There is an open door here.
You barely miss the quokka. Your headbutt misses the quokka.
The quokka closely misses you.
You hit the quokka.
You kill the quokka!
No target in view!
No target in view!
No target in view!
No target in view!
You see here a quokka corpse.
You now have 94 gold pieces (gained 12).
You open the door.
There is an open door here.
There is an empty arch of ancient stone here.
You open the door.
There is an open door here.
Found 2 stones.
You see here 2 stones.
Found an escape hatch in the ceiling.
l - an emerald potion No target in view!
No target in view!
No target in view!
No target in view!
No target in view!
An ogre comes into view. It is wielding a +0 giant spiked club.
The ogre shouts!
There is an escape hatch in the ceiling here.
An ogre is nearby!
An ogre is nearby!
There is an escape hatch in the ceiling here.
You aren't carrying any items that you can evoke.
Unknown command.
You feel very mighty all of a sudden.
You hit the ogre.
The ogre is lightly wounded.
The ogre hits you with a +0 giant spiked club!
You slice the ogre!!
The ogre is almost dead.
The ogre barely misses you.
You barely miss the ogre.
The ogre is almost dead.
The ogre hits you with a +0 giant spiked club!
You barely miss the ogre. Your headbutt misses the ogre.
The ogre is almost dead.
The ogre hits you with a +0 giant spiked club!!
Ouch! That really hurt!
You die...

.# ####..#### #.#
.######..# #.#
.........######.#
#######.........##
#.............#
#.###.#.#####.# #
##.#.### #.#
#......###.#######
#..#<#...O@.......
#....####..##.###.
.........# #..# #
##......... ...#
#####.######..#
#.# #..# #. #...
#+ ##.#


You could see an ogre.

Vanquished Creatures
  An adder (D:2)
  3 ball pythons (D:1)
  2 bats (D:1)
  3 endoplasms (D:1)
  3 giant cockroaches
  3 goblins
  10 hobgoblins
  A jackal (D:1)
  4 kobolds
  3 quokkas
  3 frilled lizards (D:1)
  A rat (D:2)
37 creatures vanquished.

Notes
Turn   | Place    | Note
-------+----------+-------------------------------------------
     0 | D:1      | Flugslaktarn the Minotaur Fighter began the quest for the
                  | Orb.
     0 | D:1      | Reached XP level 1. HP: 19/19 MP: 0/0
    50 | D:1      | Reached XP level 2. HP: 27/27 MP: 1/1
   329 | D:1      | Reached XP level 3. HP: 23/33 MP: 2/2
  1069 | D:2      | Noticed an ogre
  1083 | D:2      | Slain by an ogre

Illustrated notes

Levels and vault maps discovered:
D:1:      amcnicky_arrival_double_pillar, layout_loops_cross, minmay_vboxes
D:2:      layout_loops_corners, kennysheep_flooded_box, glass_columns_b,
          kennysheep_path_1

Skill      XL: |  1  2  3 |
---------------+----------+-----
Fighting       | 4 |  4.4
Axes           | 3 |  3.5
Armour         | 4 |  4.0
Shields        | |  3.9

Action                     || total
---------------------------++-------
  Melee: War axe           ||    70
         Headbutt          ||     8
    Use: Potion            ||     1
 Armour: Scale mail        ||    39
  Dodge: Dodged            ||    35
  Block: Buckler           ||    11

Table legend: (Time is in decaauts)
 A = Elapsed time spent in this place.
 B = Non-inter-level travel time spent in this place.
 C = Inter-level travel time spent in this place.
 D = Time resting spent in this place.
 E = Time spent auto-exploring this place.
 F = Levels seen in this place.
 G = Mean time per level.
                   A        B        C        D        E       F      G
               +--------+--------+--------+--------+--------+-----+--------+
         Total |   1108 |   1069 |     39 |      0 |    868 |   2 |  554.0 |
       Dungeon |   1108 |   1069 |     39 |      0 |    868 |   2 |  554.0 |
               +--------+--------+--------+--------+--------+-----+--------+

Top non-repeatable levels by time:
     D:1: 752 daAuts
     D:2: 355 daAuts
